 Dungeon Crawl Stone Soup version 0.27-a0-40-g5f2be0e231 (webtiles) character file.

Game seed: 1460083842617031959

124758 tymek70 the Phalangite (level 16, -4/138 HPs)
             Began as a Minotaur Berserker on Jan 5, 2021.
             Was an Elder of Trog.
             Succumbed to a wolf spider's poison
             ... on level 3 of the Spider Nest.
             The game lasted 01:57:53 (34128 turns).

tymek70 the Phalangite (Minotaur Berserker)        Turns: 34128, Time: 01:57:53

Health: -4/138     AC: 34    Str: 34      XL:     16   Next: 40%
Magic:  0/15       EV: 12    Int:  4      God:    Trog [****..]
Gold:   646        SH:  0    Dex: 14 (15) Spells: 15/15 levels left

rFire    + . .     SeeInvis .   l - +5 bardiche "Dragonslayer" {drain, rElec Will+++ Str-2}
rCold    + . .     Faith    .   (shield currently unavailable)
rNeg     . . .     Spirit   +   k - +9 scales of the Dragon King {rPois rF+ rC+ Will+}
rPois    +         Reflect  .   (helmet restricted)
rElec    +         Harm     .   h - +1 cloak
rCorr    +         Rampage  .   m - +1 pair of gloves of the Pink Corner {Str+6}
Will     +++++                  (no boots)
Stlth    ..........             E - amulet of guardian spirit
HPRegen  1.73/turn              n - +6 ring of strength
MPRegen  0.14/turn              f - ring of resist corrosion

@: lethally poisoned (-4 -> -65), berserk cooldown, regenerating (expiring),
slowed, very slow
A: retaliatory headbutt, horns 2, frail 1, regeneration 1
a: Renounce Religion, Berserk, Trog's Hand, Brothers in Arms


You were on level 3 of the Spider Nest.
You worshipped Trog.
Trog was greatly pleased with you.
You visited 4 branches of the dungeon, and saw 25 of its levels.

You collected 2884 gold pieces.
You spent 2238 gold pieces at shops.

Inventory:

Hand Weapons
 l - the +5 bardiche "Dragonslayer" (weapon) {drain, rElec Will+++ Str-2}
   (You bought it in a shop on level 2 of the Orcish Mines)

   A truly terrible weapon, it drains the life of those it strikes.
   It affects your strength (-2).
   It insulates you from electricity.
   It affects your willpower, your defense against some magical effects.
Armour
 h - a +1 cloak (worn)
 k - the +9 scales of the Dragon King (worn) {rPois rF+ rC+ Will+}
   (You bought it in a shop on level 1 of the Orcish Mines)

   It protects you from fire.
   It protects you from cold.
   It protects you from poison.
   It affects your willpower, your defense against some magical effects.
 m - the +1 pair of gloves of the Pink Corner (worn) {Str+6}
   (You bought it in a shop on level 1 of the Orcish Mines)

   It affects your strength (+6).
 J - the +1 ring mail "Seosik" {rF- Will+ Int+6, unknown}
   (You found it on level 6 of the Lair of Beasts)

   It affects your intelligence (+6).
   It makes you vulnerable to fire.
   It affects your willpower, your defense against some magical effects.
Jewellery
 a - an uncursed ring of positive energy {unknown}
 f - a ring of resist corrosion (right hand)
 n - a +6 ring of strength (left hand)
 z - an uncursed ring of protection from fire
 E - an amulet of guardian spirit (around neck)
 I - an uncursed amulet of faith {unknown}
 M - a cursed ring of attention {unknown}
 N - an uncursed ring of ice {unknown}
 O - a cursed ring of attention {unknown}
Wands
 j - a wand of flame (14)
 o - a wand of digging (24)
 y - a wand of iceblast (17)
 C - a wand of paralysis (17)
 F - a wand of polymorph (11)
 G - a wand of disintegration (10)
 K - a wand of random effects (21)
Scrolls
 b - 18 scrolls of remove curse
 c - 5 scrolls of teleportation
 d - 2 scrolls of magic mapping
 e - 15 scrolls of identify
 g - 7 scrolls of fear
 i - 3 scrolls of fog {unknown}
 r - 2 scrolls of random uselessness {unknown}
 s - 3 scrolls of blinking
 t - a scroll of acquirement {unknown}
 w - 3 scrolls of enchant weapon
 L - 2 scrolls of torment {unknown}
Potions
 p - 2 potions of haste
 q - 7 potions of curing
 u - 2 potions of cancellation
 v - a potion of berserk rage
 x - 2 potions of might
 A - a potion of flight
 B - a potion of brilliance
 H - a potion of ambrosia


   Skills:
 + Level 16.9 Fighting
 + Level 22.4 Polearms
 + Level 14.9 Armour
 + Level 10.1 Dodging
 + Level 3.7 Stealth


You had 15 spell levels left.
You didn't know any spells.
Your spell library was empty.

Dungeon Overview and Level Annotations

Branches:
Dungeon (13/15)            Temple (0/1) D:7            Lair (6/6) D:11
  Swamp (0/4) Lair:2       Spider (4/4) Lair:2        Slime (0/5) Lair:5
    Orc (2/2) D:9             Elf (0/3) Orc:2        Vaults (0/5) D:13

Altars:
Ashenzari
Elyvilon
Gozag
Okawaru
Qazlal
Ru
Vehumet
Jiyva

Shops:
D:4 (   D:13 [   Orc:1 [   Orc:2 :*[(

Portals:
Abyss: Orc:2

Annotations:
D:6 2 transporters, DungeonDestroyer's ghost, novice GnFi
D:8 2 transporters, husky424's ghost, novice MiGl
Lair:2 exclusion: 3 oklob plants
Lair:5 1 runed translucent door
Spider:2 2 transporters, Arachne; Rokh's ghost, journeyman DsFi; Vive's ghost, adept GrEE
Spider:4 Nikola
Orc:2 2 transporters, EnegeticOcto's ghost, journeyman DDFi


Innate Abilities, Weirdness & Mutations

You reflexively headbutt those who attack you in melee.
You have a pair of horns on your head.
You are frail. (-10% HP)
Your natural rate of healing is unusually fast.


Message History

The torpor snail bites you but does no damage.
The wolf spider misses you.
The wolf spider bites you but does no damage.
The wolf spider hits you.
* * * LOW HITPOINT WARNING * * *
The wolf spider bites you but does no damage.
The redback bites you.
* * * LOW HITPOINT WARNING * * *
Blink to where?
Press: ? - help, Dir - move target
As you read the scroll of blinking, it crumbles to dust.
You feel yourself speed up.
* * * LOW HITPOINT WARNING * * *
You feel extremely sick.
Being near the torpor snail leaves you feeling lethargic.
You feel you are being watched by something.
You feel your power leaking away.
Your surroundings suddenly seem different.
You feel the effects of Trog's Hand fading.
You die...

.#
#...........#.#....^.)>#
.#
##..#.##).....###...##.##
##
##^.#...##......#^#....#
# ##..##.........###.....
## #..#.....#.#.#....###.
.## #....#.##..#.....##
## ..#
#.....#...^.##.#######
.##
##...#...^##...#.#.#.#
..# ##^#@.#.#............
..## ###..#....#...#.....
#..# ##.#..###..###...#
#..#### ##...#####..#
####. ..###.##### #...##
##...###.... ..........#
#..#####...^##>...^
#^..^#....#
##..^....#####.##.#
.##.###...# #.^#....##
#...^#
....#....######.[#.#..#
##^#..


There were no monsters in sight!

Vanquished Creatures
  Frances (D:12)
  Donald (Spider:3)
  Aizul (Spider:3)
  An orc warlord (Orc:2)
  An emperor scorpion (Spider:3)
  5 entropy weavers
  A spark wasp (Spider:3)
  4 dire elephants (Lair:6)
  An ettin (Orc:2)
  Snorg (Lair:6)
  Josephine (Orc:2)
  3 hydras
  3 boulder beetles
  Harold (D:8)
  Erica (D:9)
  A catoblepas (D:13)
  An anaconda (Lair:6)
  A tengu warrior (D:12)
  3 two-headed ogres
  A queen ant (Lair:4)
  13 death yaks
  4 orc high priests (Orc:2)
  2 bog bodies (Lair:2)
  Pikel (D:9)
  25 wolf spiders
  2 orc sorcerers (Orc:2)
  11 orb spiders
  2 orc knights
  2 cyclopes
  3 ugly things
  A manticore (D:12)
  7 elephants
  3 centaur zombies
  A moth of wrath (Spider:2)
  Joseph (Lair:1)
  3 black mambas
  3 torpor snails
  2 gargoyles (D:12)
  A cane toad (shapeshifter) (D:13)
  10 cane toads
  A rime drake (Lair:6)
  2 ice devils (Lair:1)
  10 komodo dragons
  5 demonic crawlers
  22 jumping spiders
  3 trolls
  2 polar bears
  19 blink frogs
  5 hornets
  15 dream sheep
  48 redbacks
  53 yaks
  7 wraiths
  13 tarantellas
  2 vampires
  A golden eye (shapeshifter) (D:13)
  3 wyverns
  3 basilisks
  3 wargs
  A floating eye (shapeshifter) (D:13)
  12 water moccasins
  29 orc warriors
  6 soldier ants
  A sky beast (D:7)
  3 phantoms
  4 ice beasts
  2 black bears
  An eye of draining (D:10)
  9 centaurs
  21 wolves
  9 ogres
  A lemure (D:9)
  6 big kobolds
  21 bullfrogs
  4 gnoll sergeants (D:8)
  A wyvern zombie (D:10)
  6 scorpions
  A water moccasin skeleton (D:12)
  5 killer bees (D:9)
  15 wights
  5 howler monkeys
  14 electric eels
  5 jellies
  20 orc priests
  12 hounds
  35 orc wizards
  A bullfrog skeleton (D:5)
  3 centaur skeletons
  3 gnoll shamans (D:8)
  20 worker ants
  7 iguanas
  A worker ant zombie (D:10)
  31 gnolls
  16 adders
  3 shadow imps
  A white imp (D:10)
  An adder zombie (D:10)
  2 adder skeletons
  A worm (D:4)
  2 dart slugs (D:1)
  5 leopard geckos
  87 orcs
  4 giant cockroaches
  45 goblins
  21 hobgoblins
  13 jackals
  12 quokkas
  4 ball pythons
  6 bats
  5 frilled lizards
  A jackal skeleton (D:6)
  A jackal zombie (D:5)
  18 kobolds
  6 rats
  A plant (Lair:6)
917 creatures vanquished.

Vanquished Creatures (collateral kills)
  A hydra (Lair:4)
  A death yak (Lair:6)
  2 orc knights (Orc:2)
  A wolf spider (Spider:4)
  2 orc sorcerers (Orc:2)
  7 elephants
  3 blink frogs (Lair:6)
  10 yaks
  A basilisk (Lair:4)
  9 orc warriors
  An ogre (D:8)
  An electric eel (D:7)
  5 orc priests
  2 orc wizards (Orc:2)
  An iguana (D:7)
  6 orcs (Orc:2)
  A goblin (D:7)
54 creatures vanquished.

Vanquished Creatures (others)
  21 fungi
  50 plants
71 creatures vanquished.

Grand Total: 1042 creatures vanquished

Notes
Turn   | Place    | Note
-------+----------+-------------------------------------------
     0 | D:1      | tymek70 the Minotaur Berserker began the quest for the Orb.
     0 | D:1      | Reached XP level 1. HP: 19/19 MP: 0/0
    70 | D:1      | Reached XP level 2. HP: 20/27 MP: 1/1
    73 | D:1      | Reached skill level 4 in Polearms
   550 | D:1      | Reached XP level 3. HP: 33/33 MP: 2/2
   787 | D:2      | Found a radiant altar of Vehumet.
   788 | D:2      | Found a broken altar of Ashenzari.
   929 | D:2      | Reached ** piety under Trog
  1572 | D:3      | Reached skill level 5 in Polearms
  1749 | D:3      | Reached XP level 4. HP: 40/41 MP: 3/3
  2445 | D:4      | Found a glowing drain.
  2738 | D:4      | Reached XP level 5. HP: 35/47 MP: 4/4
  3329 | D:4      | Reached skill level 6 in Polearms
  3446 | D:4      | Found Zuvege's Antique Weapon Boutique.
  3517 | D:5      | Entered Level 5 of the Dungeon
  3590 | D:5      | Reached XP level 6. HP: 54/55 MP: 5/5
  3593 | D:5      | Reached skill level 5 in Fighting
  3891 | D:5      | Found an opulent altar of Gozag.
  4090 | D:5      | Reached skill level 7 in Polearms
  4289 | D:5      | Found a stormy altar of Qazlal.
  4313 | D:5      | Noticed an ice beast
  4327 | D:5      | Killed an ice beast
  4327 | D:5      | Reached *** piety under Trog
  4328 | D:5      | Reached skill level 1 in Stealth
  4328 | D:5      | Reached XP level 7. HP: 43/61 MP: 6/6
  5051 | D:6      | Found a sacrificial altar of Ru.
  5051 | D:6      | Found a white marble altar of Elyvilon.
  5383 | D:6      | Reached skill level 8 in Polearms
  5459 | D:6      | Found a transporter.
  5459 | D:6      | Noticed DungeonDestroyer's ghost (novice GnFi)
  5459 | D:6      | Identified the +6 great mace of Lust {drain, Str+2}
  5460 | D:6      | Found a transporter.
  5766 | D:6      | Reached XP level 8. HP: 70/70 MP: 4/7
  6501 | D:6      | Reached skill level 9 in Polearms
  6511 | D:6      | Reached skill level 5 in Armour
  6516 | D:6      | Reached skill level 5 in Dodging
  6523 | D:6      | Reached **** piety under Trog
  7865 | D:6      | Reached skill level 10 in Polearms
  8036 | D:7      | Reached XP level 9. HP: 79/79 MP: 8/8
  8595 | D:7      | Found an iron altar of Okawaru.
  8786 | D:7      | Reached skill level 11 in Polearms
  9157 | D:7      | Found a staircase to the Ecumenical Temple.
  9346 | D:8      | Found a transporter.
  9364 | D:8      | Found a transporter.
  9381 | D:8      | Noticed husky424's ghost (novice MiGl)
  9413 | D:8      | Found Yvvupt's Antique Armour Shoppe.
  9657 | D:8      | Found a sand-covered staircase.
  9721 | D:8      | Noticed Harold
 10472 | D:8      | Reached XP level 10. HP: 78/90 MP: 6/9
 10483 | D:8      | Killed Harold
 10864 | D:8      | Reached skill level 12 in Polearms
 11169 | D:8      | You fall into a shaft and drop 1 floor!
 11745 | D:9      | Noticed Pikel
 11769 | D:9      | Killed Pikel
 11880 | D:9      | Found a staircase to the Orcish Mines.
 12142 | D:9      | Noticed Erica
 12158 | D:9      | Killed Erica
 12158 | D:9      | Reached ***** piety under Trog
 12159 | D:9      | Reached skill level 13 in Polearms
 12377 | D:9      | Noticed a cyclops
 12391 | D:9      | Killed a cyclops
 12392 | D:9      | Reached skill level 10 in Fighting
 12392 | D:9      | Reached XP level 11. HP: 52/99 MP: 7/10
 13015 | Orc:1    | Entered Level 1 of the Orcish Mines
 13156 | Orc:2    | Entered Level 2 of the Orcish Mines
 13156 | Orc:2    | Noticed Josephine
 13166 | Orc:2    | Killed Josephine
 13258 | Orc:2    | Noticed an orc sorcerer
 13261 | Orc:2    | Paralysed by an orc sorcerer for 3 turns
 13267 | Orc:2    | Killed an orc sorcerer
 13529 | Orc:2    | Found a staircase to the Elven Halls.
 13692 | Orc:2    | Reached skill level 14 in Polearms
 13740 | Orc:2    | Noticed an ettin
 13747 | Orc:2    | Killed an ettin
 13996 | Orc:2    | Found a transporter.
 14008 | Orc:2    | Found a one-way gate to the infinite horrors of the Abyss.
 14008 | Orc:2    | Found a transporter.
 14008 | Orc:2    | Noticed EnegeticOcto's ghost (journeyman DDFi)
 14008 | Orc:2    | Noticed a red ugly thing
 14008 | Orc:2    | Noticed a great orb of eyes
 14083 | Orc:2    | Identified the +7 battleaxe of Gaakoit {distort, +Blink rC+
                  | Dex-5}
 14083 | Orc:2    | Noticed an orc warlord
 14138 | Orc:2    | Noticed an orc knight
 14149 | Orc:2    | Noticed an orc sorcerer
 14157 | Orc:2    | Killed an orc knight
 14166 | Orc:2    | HP: 5/102 [orc warrior/+2 vorpal trident (15)]
 14169 | Orc:2    | Noticed an orc sorcerer
 14170 | Orc:2    | Killed an orc sorcerer
 14180 | Orc:2    | Killed an orc sorcerer
 14191 | Orc:2    | Noticed an orc high priest
 14210 | Orc:2    | Killed an orc high priest
 14240 | Orc:2    | Noticed an orc warlord
 14255 | Orc:2    | Killed an orc warlord
 14565 | Orc:2    | Noticed a cyan very ugly thing
 14642 | Orc:2    | Noticed a death drake
 14645 | Orc:2    | Noticed an orc knight
 14661 | Orc:2    | Killed an orc knight
 14703 | Orc:2    | Noticed an orc sorcerer
 14733 | Orc:2    | Reached XP level 12. HP: 55/111 MP: 5/11
 14736 | Orc:2    | Paralysed by an orc sorcerer for 7 turns
 14990 | Orc:2    | Noticed an orc high priest
 14997 | Orc:2    | Killed an orc high priest
 14998 | Orc:2    | Reached skill level 15 in Polearms
 15278 | Orc:2    | Noticed an orc high priest
 15287 | Orc:2    | Killed an orc high priest
 15413 | Orc:2    | Found Guybeig's Antique Armour Shop.
 15414 | Orc:2    | Found Rathat's Antique Weapon Shop.
 15415 | Orc:2    | Found Pupn's General Store.
 15415 | Orc:2    | Found Wyqan's Book Boutique.
 15430 | Orc:2    | Bought an iridescent bardiche for 392 gold pieces
 15467 | Orc:2    | Identified the +5 bardiche "Dragonslayer" {drain, rElec
                  | Will+++ Str-2} (You bought it in a shop on level 2 of the
                  | Orcish Mines)
 15708 | Orc:2    | Noticed an orc high priest
 16183 | Orc:2    | Killed an orc high priest
 16580 | Orc:1    | Reached skill level 10 in Armour
 16604 | Orc:1    | Found Bisi's Armour Emporium.
 17327 | Orc:1    | Bought the +1 pair of gloves of the Pink Corner {Str+6} for
                  | 349 gold pieces
 17630 | D:10     | Entered Level 10 of the Dungeon
 17647 | D:10     | Noticed a two-headed ogre
 17651 | D:10     | Killed a two-headed ogre
 18086 | D:10     | Paralysed by a hornet for 2 turns
 18091 | D:10     | Reached skill level 16 in Polearms
 18426 | D:11     | Paralysed by a hornet for 1 turns
 18692 | D:11     | Paralysed by a hornet for 1 turns
 19127 | D:11     | Found a staircase to the Lair.
 19187 | D:11     | Noticed a two-headed ogre
 19190 | D:11     | Killed a two-headed ogre
 19191 | D:11     | Reached XP level 13. HP: 110/119 MP: 10/12
 19642 | D:12     | Reached skill level 17 in Polearms
 19755 | D:12     | Noticed Frances
 19765 | D:12     | Killed Frances
 20005 | D:12     | Gained mutation: Your magical capacity is low. (-10% MP)
                  | [potion of mutation]
 20005 | D:12     | Gained mutation: You are agile. (Dex +2) [potion of
                  | mutation]
 20539 | D:12     | Lost mutation: Your magical capacity is low. (-10% MP)
                  | [potion of mutation]
 20539 | D:12     | Lost mutation: You are agile. (Dex +2) [potion of mutation]
 20539 | D:12     | Gained mutation: You are frail. (-10% HP) [potion of
                  | mutation]
 20539 | D:12     | Gained mutation: Your natural rate of healing is unusually
                  | fast. [potion of mutation]
 20623 | Lair:1   | Entered Level 1 of the Lair of Beasts
 21041 | Lair:1   | Noticed Joseph
 21050 | Lair:1   | Killed Joseph
 21070 | Lair:1   | Found a frozen archway.
 21217 | Lair:1   | Reached skill level 18 in Polearms
 21662 | Lair:2   | Found a hole to the Spider Nest.
 22537 | Lair:2   | Found a staircase to the Swamp.
 22961 | Lair:3   | Reached XP level 14. HP: 81/118 MP: 10/13
 23775 | Lair:1   | Got a faintly humming scale mail
 23776 | Lair:1   | Identified the +1 scale mail "Tuann" {rElec Dex+4} (You
                  | found it on level 1 of the Lair of Beasts)
 23915 | Lair:4   | Reached skill level 19 in Polearms
 24008 | Lair:4   | Received a gift from Trog
 24022 | Lair:4   | Reached skill level 10 in Dodging
 24476 | Orc:1    | Bought the +9 scales of the Dragon King {rPois rF+ rC+
                  | Will+} for 1497 gold pieces
 24476 | Orc:1    | Found the +9 scales of the Dragon King {rPois rF+ rC+
                  | Will+}
 25352 | Lair:5   | Found a runed translucent door.
 25352 | Lair:5   | Found a viscous altar of Jiyva.
 25352 | Lair:5   | Found a staircase to the Slime Pits.
 26151 | Lair:6   | Entered Level 6 of the Lair of Beasts
 26387 | Lair:5   | Reached skill level 20 in Polearms
 26748 | Lair:5   | Reached skill level 15 in Fighting
 27191 | Lair:6   | Noticed Snorg
 27198 | Lair:6   | Killed Snorg
 27261 | Lair:6   | Reached XP level 15. HP: 124/126 MP: 12/14
 28353 | Lair:6   | Got an ichor-stained ring mail
 28868 | D:13     | Found Ukhlar's Armour Emporium.
 28932 | D:13     | Reached skill level 21 in Polearms
 29038 | D:13     | Found a gate to the Vaults.
 29410 | Spider:1 | Entered Level 1 of the Spider Nest
 29426 | Spider:1 | Received a gift from Trog
 29614 | Spider:1 | You fall into a shaft and drop 1 floor!
 31145 | Spider:2 | Found a transporter.
 31145 | Spider:2 | Found a transporter.
 31150 | Spider:2 | Noticed Vive's ghost (adept GrEE)
 31155 | Spider:2 | Noticed Arachne
 31157 | Spider:2 | Noticed Rokh's ghost (journeyman DsFi)
 31831 | Spider:3 | Noticed Aizul
 31854 | Spider:3 | Killed Aizul
 31854 | Spider:3 | Received a gift from Trog
 32065 | Spider:3 | Reached skill level 22 in Polearms
 32065 | Spider:3 | Reached XP level 16. HP: 136/136 MP: 12/15
 33077 | Spider:4 | Entered Level 4 of the Spider Nest
 33077 | Spider:4 | Noticed Nikola
 33218 | Spider:4 | Identified the cursed +0 kite shield of the Minstrel {Will+
                  | Str-3 Dex+2}
 33218 | Spider:4 | Noticed Donald
 33822 | Spider:3 | Killed Donald
 34127 | Spider:3 | HP: 6/138 [poisoned by a wolf spider]
 34128 | Spider:3 | Succumbed to a wolf spider's poison

Illustrated notes

Levels and vault maps discovered:
D:1:      dpeg_arrival_water_temple_mockup, layout_basic, solitary_fountain
D:2:      layout_loops_corners, gammafunk_temple_overflow_statue
D:3:      layout_basic
D:4:      layout_loops_ring, serial_shops, shop, cheibrodos_sewer_entry_drain
D:5:      layout_basic, basic_altar,
          nicolae_gozag_cash_rules_everything_around_me
D:6:      minmay_goblin_kobold_castle, layout_layer_cave,
          grunt_temple_overflow_open, gammafunk_ghost_smash
D:7:      layout_cave_pools, temple_hall, enter_bailey_5, basic_altar,
          nicolae_water_bricks, kennysheep_opposing_triangles
D:8:      layout_cave_pools, nicolae_ossuary_entry_monument,
          gammafunk_ghost_mausoleum, serial_shops, shop, serial_gnoll_camp,
          gnoll_camp_mini_basic, gnoll_camp_mini_hut, gnoll_camp_medium_02,
          gnoll_camp_mini_doghouse, gnoll_camp_huts_basic, uniq_harold
D:9:      layout_irregular_city, orc_0_dummy, uniq_erica, uniq_pikel
D:10:     minmay_opposing_rooms, layout_basic
D:11:     layout_small_grid, grunt_lair_entry_orc_guard_hut,
          hangedman_pestilent_swarm
D:12:     layout_cave_pools, uniq_frances
D:13:     layout_basic, david_vaults_2, gauntlet_entry_generic, serial_shops,
          shop
Lair:1:   layout_regular_city, portal_ice_cave_demonic_guard, serial_bayou,
          serial_bayou_pond_a, serial_bayou_lake_a, serial_bayou_crossing,
          serial_bayou_pond_b, eino_small_chamber_without_monster, uniq_joseph
Lair:2:   layout_roguey, skrybe_swamp_entry_bodies, spider_nest_entry_webs,
          minmay_lair_oklob_chamber
Lair:3:   layout_regular_city, grunt_megastairs_3, serial_bayou_shore_b,
          serial_bayou_shore_a, infiniplex_staircase_pool, lemuel_fruit_fields
Lair:4:   layout_gridlike, wad_woods_antlair
Lair:5:   layout_cave_pods, slime_altar_2, grunt_megastairs_4
Lair:6:   due_jungle_book, layout_regular_city, serial_bayou_ford_a,
          grunt_megastairs_2, uniq_snorg
Spider:1: layout_chambers
Spider:2: layout_spider_delve, nzn_ghost_randoct
Spider:3: layout_spider_delve, hangedman_spider_tarantella_strand, uniq_aizul
Spider:4: grunt_spider_rune_parallel, uniq_arachne, uniq_donald, uniq_nikola
Orc:1:    layout_caves, serial_shops, shop
Orc:2:    st_orc_congregation, layout_caves, gammafunk_ghost_abyssal_escape,
          uniq_josephine

Skill      XL: |  1  2  3  4  5  6  7  8  9 10 11 12 13 14 15 |
---------------+----------------------------------------------+-----
Polearms       | 4 5 6 7 8 10 11 13 14 16 18 20 22 | 22.4
Fighting       | 4 5 6 7 8 10 11 12 14 15 16 | 16.9
Armour         | 3 4 5 7 8 9 10 11 13 14 | 14.9
Dodging        | 3 4 5 6 8 9 10 | 10.1
Stealth        | 1 2 3 |  3.7

Action                   |  1- 3 |  4- 6 |  7- 9 | 10-12 | 13-15 | 16-18 || total
-------------------------+-------+-------+-------+-------+-------+-------++-------
Melee: Spear             |   113 |   148 |    21 |       |       |       ||   282
       Headbutt          |    12 |    22 |    66 |   169 |   216 |    34 ||   519
       Trident           |       |       |   407 |   566 |       |       ||   973
       Bardiche          |       |       |       |   221 |   902 |   135 ||  1258
Invok: Trog's Hand       |       |     2 |     8 |    12 |    16 |     8 ||    46
       Berserk           |       |     2 |     3 |     3 |     4 |     3 ||    15
       Brothers in Arms  |       |       |     4 |    12 |    10 |     1 ||    27
Evoke: Wand              |       |       |       |       |     1 |       ||     1
  Use: Potion            |       |       |    16 |     5 |     7 |     5 ||    33
       Scroll            |       |       |    10 |     4 |     4 |     4 ||    22
 Stab: Distracted        |       |       |     1 |     2 |     1 |       ||     4
       Sleeping          |       |       |       |       |     1 |       ||     1
Armor: Leather armour    |    19 |    14 |     2 |       |       |       ||    35
       Ring mail         |       |       |   142 |   155 |       |       ||   297
       Plate armour      |       |       |       |    42 |   154 |       ||   196
       Gold dragon scale |       |       |       |       |   525 |   355 ||   880
       Scale mail        |       |       |       |       |    30 |       ||    30
Dodge: Dodged            |    41 |    65 |   338 |   500 |   639 |   210 ||  1793

Table legend: (Time is in decaauts)
 A = Elapsed time spent in this place.
 B = Non-inter-level travel time spent in this place.
 C = Inter-level travel time spent in this place.
 D = Time resting spent in this place.
 E = Time spent auto-exploring this place.
 F = Levels seen in this place.
 G = Mean time per level.
                   A        B        C        D        E       F      G
               +--------+--------+--------+--------+--------+-----+--------+
         Total |  34076 |  32445 |   1631 |   6810 |  20145 |  25 | 1363.0 |
       Dungeon |  17405 |  16522 |    883 |   2482 |  11681 |  13 | 1338.8 |
          Lair |   7731 |   7181 |    550 |   1564 |   4325 |   6 | 1288.5 |
   Spider Nest |   4730 |   4599 |    131 |   1489 |   2342 |   4 | 1182.5 |
  Orcish Mines |   4209 |   4143 |     66 |   1273 |   1796 |   2 | 2104.5 |
               +--------+--------+--------+--------+--------+-----+--------+

Top non-repeatable levels by time:
     D:6: 3374 daAuts
   Orc:2: 2818 daAuts
Spider:3: 2296 daAuts
     D:9: 1963 daAuts
  Lair:5: 1810 daAuts
     D:7: 1633 daAuts
     D:8: 1526 daAuts
  Lair:6: 1434 daAuts
     D:5: 1429 daAuts
  Lair:2: 1393 daAuts
   Orc:1: 1390 daAuts
    D:12: 1258 daAuts
  Lair:1: 1252 daAuts
Spider:2: 1250 daAuts
     D:4: 1212 daAuts
